 Dungeon Crawl Stone Soup version 0.27-a0-637-g3a9f0a9c12 (webtiles) character file.

Game seed: 4292620530876137102

843 Johnny the Magician (level 7, -3/44 HPs)
             Began as a Deep Elf Earth Elementalist on Mar 14, 2021.
             Was a Believer of Okawaru.
             Slain by a centaur (4 damage)
             ... on level 5 of the Dungeon.
             The game lasted 00:05:09 (6927 turns).

Johnny the Magician (Deep Elf Earth Elementalist)   Turns: 6927, Time: 00:05:10

Health: -3/44      AC:  4    Str:  5    XL:     7   Next: 68%
Magic:  18/18      EV: 12    Int: 22    God:    Okawaru [**....]
Gold:   238        SH:  0    Dex: 15    Spells: 5/18 levels left

rFire    . . .     SeeInvis .   b - +2 dagger (venom)
rCold    . . .     Faith    .   (no shield)
rNeg     . . .     Spirit   .   c - +0 robe
rPois    +         Reflect  .   (no helmet)
rElec    .         Harm     .   j - +1 cloak
rCorr    .         Rampage  .   (no gloves)
Will     .....                  (no boots)
Stlth    ++........             (no amulet)
HPRegen  0.14/turn              h - +4 ring of slaying
MPRegen  0.16/turn              r - ring of poison resistance

@: about to teleport, flying
A: no striking features
a: Renounce Religion, Heroism


You were on level 5 of the Dungeon.
You worshipped Okawaru.
Okawaru was pleased with you.
You visited 2 branches of the dungeon, and saw 6 of its levels.
You also visited: Sewer.

You collected 238 gold pieces.

Inventory:

Hand Weapons
 b - a +2 dagger of venom (weapon)
Armour
 c - a +0 robe (worn)
 j - a +1 cloak (worn)
Jewellery
 h - a +4 ring of slaying (right hand)
 r - a ring of poison resistance (left hand)
Wands
 t - a wand of random effects (18)
Scrolls
 d - a scroll of immolation {unknown}
 e - 2 scrolls of enchant weapon {unknown}
 f - 3 scrolls of fog {unknown}
 g - 5 scrolls of teleportation
 i - 3 scrolls of identify {unknown}
 l - a scroll of noise {unknown}
 p - a scroll of magic mapping {unknown}
 u - 2 scrolls of random uselessness {unknown}
Potions
 k - a potion of ambrosia {unknown}
 m - 2 potions of flight
 n - 2 potions of mutation {unknown}
 q - a potion of haste {unknown}
 s - a potion of berserk rage {unknown}
Miscellaneous
 v - a box of beasts


   Skills:
 * Level 5.0 Fighting
 - Level 2.4 Dodging
 - Level 2.4 Stealth
 + Level 6.4 Spellcasting
 - Level 1.1 Transmutations
 + Level 5.7 Earth Magic


You had 5 spell levels left.
You knew the following spells:

 Your Spells              Type           Power      Damage    Failure   Level
a - Sandblast             Erth           64%        2d14      1%          1
b - Stone Arrow           Conj/Erth      38%        3d9       9%          3
c - Lee's Rapid Deconstr  Erth           16%        3d11*     22%         5
d - Petrify               Tmut/Erth      22%        N/A       22%         4

Your spell library contained the following spells:

 Spells                   Type           Power      Damage    Failure   Level
 Passwall                 Tmut/Erth      18%        N/A       3%          2


Dungeon Overview and Level Annotations

Branches:
Dungeon (5/15)             Temple (1/1) D:4           Sewer (visited)

Altars:
Cheibriados
Dithmenos
Gozag
Hepliaklqana
Kikubaaqudgha
Makhleb
Okawaru
Qazlal
Ru
Sif Muna
Trog
Uskayaw
Wu Jian
Xom
Zin
The Shining One

Shops:
D:5 [


Message History

Okay, then.
Okay, then.
The centaur shoots an arrow.
The arrow barely misses you.
The giant cockroach bites you but does no damage.
The centaur hits you. The centaur hits you!
* * * LOW HITPOINT WARNING * * *
The centaur hits you but does no damage.
Unknown command.
It was a potion of flight.
You feel very buoyant.
You fly up into the air.
The giant cockroach misses you.
The giant cockroach bites you but does no damage.
Unknown command.
Unknown command.
It was a potion of curing.
You feel better.
The centaur shoots an arrow.
The arrow barely misses you. The centaur hits you.
The giant cockroach closely misses you.
The centaur shoots an arrow.
The arrow hits you!
* * * LOW HITPOINT WARNING * * *
The centaur closely misses you.
Unknown command.
Unknown command.
You feel better. The centaur hits you.
The giant cockroach bites you but does no damage.
Unknown command.
As you read the scroll of teleportation, it crumbles to dust.
You feel strangely unstable.
The centaur shoots an arrow.
The arrow hits you.
* * * LOW HITPOINT WARNING * * *
The centaur closely misses you.
The giant cockroach bites you but does no damage.
The centaur shoots an arrow.
The arrow barely misses you.
The centaur hits you but does no damage.
Unknown command.
The giant cockroach bites you.
* * * LOW HITPOINT WARNING * * *
The centaur hits you!
* * * LOW HITPOINT WARNING * * *
The centaur unwields a +0 shortbow.
The centaur hits you.
You die...

..#####.#.######
#.# #.#.# # #.#
#.#.# #.#.#
##.#.####### #.#.#
##..........> ##
#..# #..#.......##
.. #.###.....######
#.#.c##.#.#.####
#.@B.....#.....
#..#c...........#
#...##............#
#####..##...#.##..#
#.#.##.!.#.# ..#
#...##...#.# ..#
#.#.##...#.#
.#.##...... # #.
#..##.


You could see 2 centaurs and a giant cockroach.

Vanquished Creatures
  An ogre (D:4)
  A centaur (D:4)
  A phantom (D:4)
  2 hounds
  A jelly (D:4)
  2 orc priests (D:4)
  2 bullfrog skeletons
  A centaur skeleton (D:4)
  Natasha (thrice) (D:4)
  An orc wizard (D:5)
  A worker ant (D:4)
  5 adders
  3 gnolls (D:5)
  4 oozes
  6 worms
  4 dart slugs
  6 leopard geckos
  15 orcs
  4 ball pythons
  5 giant cockroaches
  11 goblins
  13 hobgoblins
  3 jackals (D:4)
  14 kobolds
  A quokka (D:5)
  A ball python zombie (D:5)
  10 bats
  4 frilled lizards
  7 rats
132 creatures vanquished.

Notes
Turn   | Place    | Note
-------+----------+-------------------------------------------
     0 | D:1      | Johnny the Deep Elf Earth Elementalist began the quest for
                  | the Orb.
     0 | D:1      | Reached XP level 1. HP: 10/10 MP: 6/6
   403 | D:1      | Reached XP level 2. HP: 12/16 MP: 8/8
   596 | D:1      | Reached skill level 1 in Fighting
  1557 | D:1      | Reached XP level 3. HP: 20/20 MP: 10/10
  1869 | D:2      | Found an ornate altar of the Wu Jian Council.
  2294 | D:2      | Reached XP level 4. HP: 26/26 MP: 11/11
  2346 | D:2      | Reached skill level 4 in Spellcasting
  2868 | D:3      | Found a glowing drain.
  2880 | Sewer    | Entered a sewer
  3552 | Sewer    | Reached XP level 5. HP: 28/31 MP: 10/13
  3876 | Sewer    | Learned a level 3 spell: Stone Arrow
  3882 | Sewer    | Learned a level 5 spell: Lee's Rapid Deconstruction
  3887 | Sewer    | Learned a level 4 spell: Petrify
  4106 | D:3      | Found a shadowy altar of Dithmenos.
  4200 | D:3      | Found an iron altar of Okawaru.
  4440 | D:3      | Became a worshipper of Warmaster Okawaru
  4561 | D:3      | Found a glowing golden altar of the Shining One.
  5127 | D:4      | Found a shimmering altar of Xom.
  5151 | D:4      | Found a staircase to the Ecumenical Temple.
  5164 | D:4      | Reached skill level 5 in Spellcasting
  5164 | D:4      | Reached XP level 6. HP: 15/37 MP: 8/15
  5661 | D:4      | Reached * piety under Okawaru
  5662 | D:4      | Reached skill level 5 in Earth Magic
  5708 | D:4      | Noticed Natasha
  5713 | D:4      | Killed Natasha
  5739 | D:4      | Reached XP level 7. HP: 40/43 MP: 12/17
  5805 | D:4      | Reached skill level 6 in Spellcasting
  6085 | D:4      | Noticed Natasha
  6092 | D:4      | Killed Natasha
  6152 | D:4      | Noticed Natasha
  6155 | D:4      | Killed Natasha
  6196 | Temple   | Entered the Ecumenical Temple
  6321 | D:5      | Entered Level 5 of the Dungeon
  6335 | D:5      | Reached ** piety under Okawaru
  6465 | D:5      | Found Goemin's Armour Shoppe.
  6767 | D:5      | Reached skill level 5 in Fighting
  6927 | D:5      | HP: 1/44 [centaur (8)]
  6927 | D:5      | Slain by a centaur

Illustrated notes

Levels and vault maps discovered:
D:1:      amcnicky_arrival_feature_with_door, layout_loops_ring
D:2:      layout_basic, nicolae_overflow_crystal_walls, interstate_on_off
D:3:      layout_basic, nicolae_tso_carved_into_rock, okawaru_gym_becter,
          grunt_dithmenos_smoke_and_mirrors, gup_sewer_entry_pipe,
          chequers_big_river
D:4:      minmay_clustersquares, layout_loops_cross, kennysheep_mini,
          minmay_temple_entry_glass, feat_on_display, uniq_natasha
D:5:      layout_loops_ring, marbit_many_paths, serial_shops,
          nicolae_shop_behind_doors
Temple:   jpeg_temple_clearing

Skill      XL: |  1  2  3  4  5  6  7 |
---------------+----------------------+-----
Fighting       | 1 2 3 4 5 |  5.0
Spellcasting   | 4 5 6 |  6.4
Earth Magic    | 4 5 |  5.7
Dodging        | |  2.4
Stealth        | |  2.4
Transmutations | |  1.1

Action                   |  1- 3 |  4- 6 |  7- 9 || total
-------------------------+-------+-------+-------++-------
Melee: Dagger            |    86 |    88 |    43 ||   217
 Cast: Sandblast         |    28 |    75 |    21 ||   124
       Stone Arrow       |       |       |     3 ||     3
Evoke: Wand              |       |       |     3 ||     3
  Use: Potion            |       |       |     3 ||     3
       Scroll            |       |       |     2 ||     2
 Stab: Sleeping          |     4 |     3 |     1 ||     8
       Petrified         |       |       |     3 ||     3
Armor: Robe              |    22 |    37 |    23 ||    82
Dodge: Dodged            |    65 |    66 |    39 ||   170

Table legend: (Time is in decaauts)
 A = Elapsed time spent in this place.
 B = Non-inter-level travel time spent in this place.
 C = Inter-level travel time spent in this place.
 D = Time resting spent in this place.
 E = Time spent auto-exploring this place.
 F = Levels seen in this place.
 G = Mean time per level.
                   A        B        C        D        E       F      G
               +--------+--------+--------+--------+--------+-----+--------+
         Total |   7024 |   6692 |    332 |    339 |   5480 |   7 | 1003.4 |
       Dungeon |   5831 |   5511 |    320 |    339 |   4457 |   5 | 1166.2 |
        Temple |     95 |     83 |     12 |      0 |     82 |   1 |   95.0 |
         Sewer |   1096 |   1096 |      0 |      0 |    940 |   1 | 1096.0 |
               +--------+--------+--------+--------+--------+-----+--------+

Top non-repeatable levels by time:
     D:1: 1750 daAuts
     D:4: 1338 daAuts
     D:3: 1159 daAuts
   Sewer: 1096 daAuts
     D:2: 977 daAuts
     D:5: 605 daAuts
  Temple: 95 daAuts
